 Dungeon Crawl Stone Soup version 0.21-a0-185-g3a6ed1e (webtiles) character file.

15021 Helio the Unseen (level 11, -5/56 HPs)
             Began as a Spriggan Enchanter on Aug 12, 2017.
             Was the Champion of Dithmenos.
             Slain by an eight-headed hydra (13 damage)
             ... on level 12 of the Dungeon.
             The game lasted 00:43:44 (19123 turns).

Helio the Unseen (Spriggan Enchanter)              Turns: 19123, Time: 00:43:48

Health: -5/56      AC:  4    Str:  6    XL:     11   Next: 96%
Magic:  21/26      EV: 26    Int: 21    God:    Dithmenos [******]
Gold:   904        SH:  0    Dex: 17    Spells: 18/30 levels left

rFire    . . .     SeeInvis +   k - +5 dagger (holy)
rCold    . . .     Gourm    .   (shield restricted)
rNeg     + . .     Faith    .   j - +2 robe {MR+}
rPois    .         Spirit   .   (helmet restricted)
rElec    .         Reflect  .   (no cloak)
rCorr    .         Harm     .   (gloves unavailable)
MR       ++...                  (boots unavailable)
Stlth    ++++++++++             (no amulet)
HPRegen  0.18/turn              i - ring of positive energy
MPRegen  0.20/turn              p - +3 ring of intelligence

@: wreathed by umbra, very quick
A: unfitting armour, see invisible, herbivore 3, speed 3, slow metabolism 2
a: Shadow Step, Shadow Form, Renounce Religion


You were on level 12 of the Dungeon.
You worshipped Dithmenos.
Dithmenos was exalted by your worship.
You were not hungry.

You visited 2 branches of the dungeon, and saw 13 of its levels.
You also visited: Ossuary.

You collected 904 gold pieces.

Inventory:

Hand Weapons
 a - a +0 dagger of draining
 k - a +5 dagger of holy wrath (weapon)
 u - the +7 spear of the Big Fish {drain, *Slow rPois rC+}
   (You found it on level 7 of the Dungeon)

   A truly terrible weapon, it drains the life of those it strikes.
   It protects you from cold.
   It protects you from poison.
   It may slow you when you take damage.
 E - a +2 dagger of venom
 H - a +3 dagger
Armour
 j - a +2 robe of magic resistance (worn)
 K - a +2 robe of positive energy
Jewellery
 i - a ring of positive energy (left hand)
 p - a +3 ring of intelligence (right hand)
 t - an uncursed ring of fire
 J - an uncursed ring of fire
 O - an uncursed ring of ice
Wands
 n - a wand of confusion (37/48)
 s - a wand of polymorph (15/24)
 w - a wand of scattershot (0/9)
 y - a wand of enslavement (17/24)
 D - a wand of scattershot (0/9)
 L - a wand of enslavement (15/24)
Scrolls
 g - 9 scrolls of teleportation
 h - 4 scrolls of remove curse
 v - 2 scrolls of fear
 x - 3 scrolls of recharging
 C - 2 scrolls of enchant armour
 G - 2 scrolls of fog
 I - 6 scrolls of identify
Potions
 b - 5 potions of lignification
 e - 2 potions of curing
 f - 5 potions of flight
 l - 5 potions of resistance
 m - 2 potions of agility
 o - 4 potions of haste
 q - 2 potions of ambrosia
 r - a potion of mutation
 A - a potion of berserk rage
 B - 3 potions of brilliance
Books
 c - a book of Maledictions

   Spells                             Type                      Level
   a - Corona                         Hexes                        1
   b - Ensorcelled Hibernation        Hexes/Ice                    2
   c - Confuse                        Hexes                        3
   d - Tukima's Dance                 Hexes                        3
   e - Dazzling Spray                 Conjuration/Hexes            3
 F - a book of Power

   Spells                             Type                      Level
   a - Iskenderun's Battlesphere      Conjuration/Charms           5
   b - Venom Bolt                     Conjuration/Poison           5
   c - Bolt of Magma                  Conjuration/Fire/Earth       5
   d - Iron Shot                      Conjuration/Earth            6
   e - Orb of Destruction             Conjuration                  7
   f - Spellforged Servitor           Conjuration/Summoning        7
Comestibles
 d - 5 bread rations
 z - 5 royal jellies


   Skills:
 + Level 5.5 Fighting
 + Level 8.0 Short Blades
 + Level 10.4 Dodging
 + Level 15.9 Stealth
 + Level 10.1 Spellcasting
 + Level 9.9 Hexes


You had 18 spell levels left.
You knew the following spells:

 Your Spells              Type           Power        Failure   Level  Hunger
a - Ensorcelled Hibernat  Hex/Ice        ####..       1%          2    None
b - Corona                Hex            ######.      1%          1    None
c - Confuse               Hex            ######..     1%          3    None
d - Tukima's Dance        Hex            ######..     1%          3    None
e - Dazzling Spray        Conj/Hex       ####..       2%          3    None


Dungeon Overview and Level Annotations

Branches:
Dungeon (12/15)            Temple (1/1) D:7            Lair (0/6) D:11
    Orc (0/2) D:10

Altars:
Ashenzari
Cheibriados
Dithmenos
Elyvilon
Fedhas
Gozag
Hepliaklqana
Kikubaaqudgha
Makhleb
Nemelex Xobeh
Okawaru
Qazlal
Ru
Sif Muna
Trog
Uskayaw
Vehumet
Wu Jian
Xom
Yredelemnul
Zin
The Shining One
Beogh

Shops:
D:4 (   D:10 (


Innate Abilities, Weirdness & Mutations

You are very small and have problems with some larger weapons.
You are too small for most types of armour.
You have supernaturally acute eyesight. (SInv)
You are a herbivore.
You cover ground extremely quickly.
You need consume almost no food.


Message History

The eight-headed hydra barely misses you.
You are too injured to fight recklessly!
You are too injured to fight recklessly!
You are too injured to fight recklessly!
You are too injured to fight recklessly!
You feel better.
You feel better.
You are too injured to fight recklessly!
You are too injured to fight recklessly!
You are too injured to fight recklessly!
You are too injured to fight recklessly!
You feel better.
The eight-headed hydra completely misses you.
The eight-headed hydra bites you!
* * * LOW HITPOINT WARNING * * *
You emit a cloud of dark smoke.
The eight-headed hydra misses you. The eight-headed hydra bites you!
* * * LOW HITPOINT WARNING * * *
The eight-headed hydra bites you!
You die...

#..###.#######
##............
#####.####### #.# ##
##'######## ?.
#........§### .. #
#........§§§# .# ###
#.........#§###.#####
+.####..(......#@§#....!..
#....'.........##D#C......
######.........##.()..y...
# #.........####)...... #
#.........# #######
###########


You could see an eight-headed hydra (confused).

Vanquished Creatures
  A two-headed ogre (D:11)
  A deep elf mage (D:12)
  A manticore (D:12)
  A cyclops (D:11)
  2 gargoyles
  3 kobold demonologists (D:12)
  4 trolls
  Eustachio (D:4)
  16 yaks
  A hungry ghost (D:10)
  Menkaure (D:6)
  5 wargs
  A porcupine (D:11)
  8 orc warriors
  A sky beast (D:5)
  4 ogres
  3 phantoms
  2 ice beasts
  4 black bears
  3 necrophages
  12 centaurs
  3 big kobolds
  A gnoll sergeant (D:6)
  11 bullfrogs
  6 scorpions
  9 killer bees
  A howler monkey (D:8)
  7 wights
  An electric eel (D:11)
  4 crimson imps
  A bullfrog zombie (D:10)
  3 quasits
  9 orc priests
  3 hounds
  4 jellies
  2 centaur skeletons
  7 bullfrog skeletons
  Terence (D:3)
  An iguana (D:12)
  10 worker ants
  18 orc wizards
  A hound zombie (D:5)
  2 hound skeletons
  13 mummies (Ossuary)
  A worker ant zombie (D:7)
  Robin (D:2)
  4 gnolls (D:7)
  18 adders
  4 shadow imps
  An ooze (D:7)
  An adder zombie (D:8)
  4 worms
  3 dart slugs
  4 leopard geckos
  55 orcs
  8 bats
  23 goblins
  14 hobgoblins
  13 jackals
  8 quokkas
  A ball python zombie (D:5)
  6 frilled lizards
  2 goblin skeletons (Ossuary)
  A jackal skeleton (D:5)
  20 kobolds
  5 kobold skeletons (Ossuary)
  A leopard gecko zombie (D:7)
  An orc skeleton (Ossuary)
  A quokka zombie (D:8)
  10 rats
  11 rat skeletons (Ossuary)
414 creatures vanquished.

Vanquished Creatures (collateral kills)
  3 gnolls (D:6)
  2 orcs
5 creatures vanquished.

Vanquished Creatures (others)
  2 dancing weapons (D:6)
2 creatures vanquished.

Grand Total: 421 creatures vanquished

Notes
Turn   | Place    | Note
-------+----------+-------------------------------------------
     0 | D:1      | Helio the Spriggan Enchanter began the quest for the Orb.
     0 | D:1      | Reached XP level 1. HP: 9/9 MP: 5/5
   382 | D:1      | You fall through a shaft!
   424 | D:1      | Reached XP level 2. HP: 13/13 MP: 5/7
   530 | D:1      | Learned a level 2 spell: Ensorcelled Hibernation
  1341 | D:1      | Reached XP level 3. HP: 16/16 MP: 9/9
  1346 | D:1      | Learned a level 3 spell: Confuse
  1350 | D:1      | Learned a level 3 spell: Tukima's Dance
  2130 | D:2      | Reached XP level 4. HP: 15/21 MP: 6/11
  2341 | D:2      | Found a burning altar of Makhleb.
  2341 | D:2      | Noticed a balrug
  2353 | D:2      | Noticed a ynoxinul
  2353 | D:2      | Noticed a ynoxinul
  2454 | D:2      | Found a shattered altar of Ashenzari.
  2454 | D:2      | Found a faded altar of an unknown god.
  2459 | D:2      | Found a shadowy altar of Dithmenos.
  2462 | D:2      | Found a sacrificial altar of Ru.
  2464 | D:2      | Found an ancient bone altar of Kikubaaqudgha.
  2470 | D:2      | Became a worshipper of Dithmenos the Shadowed
  2516 | D:2      | Reached skill level 5 in Hexes
  3113 | D:3      | Reached XP level 5. HP: 24/24 MP: 4/13
  3120 | D:3      | Reached skill level 5 in Spellcasting
  3275 | D:3      | Noticed Robin
  3825 | D:3      | Reached skill level 5 in Stealth
  4033 | D:2      | Reached * piety under Dithmenos
  4100 | D:2      | Killed Robin
  4223 | D:3      | Reached skill level 6 in Stealth
  4462 | D:3      | Reached skill level 7 in Stealth
  4462 | D:3      | Reached XP level 6. HP: 19/28 MP: 7/14
  4748 | D:3      | Found a white marble altar of Elyvilon.
  4749 | D:3      | Found an iron altar of Okawaru.
  5051 | D:3      | Found a faded altar of an unknown god.
  5070 | D:3      | Noticed Terence
  5076 | D:3      | Killed Terence
  5099 | D:3      | Reached skill level 8 in Stealth
  5397 | D:3      | Learned a level 3 spell: Dazzling Spray
  5436 | D:4      | Noticed an ice beast
  5467 | D:4      | Killed an ice beast
  5467 | D:4      | Reached skill level 9 in Stealth
  5471 | D:4      | Reached ** piety under Dithmenos
  5549 | D:4      | Found a roughly hewn altar of Beogh.
  5575 | D:4      | Reached XP level 7. HP: 6/32 MP: 2/15
  5740 | D:4      | Found Mavuat's Weapon Boutique.
  5862 | D:4      | Found a sand-covered staircase.
  5870 | Ossuary  | Entered an ossuary
  6214 | Ossuary  | Reached skill level 10 in Stealth
  7430 | D:4      | Noticed Eustachio
  7458 | D:4      | Found a hide-covered altar of Uskayaw.
  7459 | D:4      | Noticed a hand axe
  7461 | D:4      | Noticed a dagger
  7868 | D:4      | Reached skill level 11 in Stealth
  7971 | D:4      | Killed Eustachio
  8391 | D:5      | Entered Level 5 of the Dungeon
  8446 | D:5      | Reached *** piety under Dithmenos
  8446 | D:5      | Reached skill level 12 in Stealth
  8448 | D:5      | Reached XP level 8. HP: 31/36 MP: 12/16
  8771 | D:5      | Found a stormy altar of Qazlal.
  9061 | D:5      | Found a glowing silver altar of Zin.
  9390 | D:6      | Reached skill level 1 in Fighting
 10036 | D:6      | Reached skill level 13 in Stealth
 10676 | D:6      | Reached XP level 9. HP: 20/42 MP: 0/19
 10815 | D:6      | Reached skill level 5 in Dodging
 10987 | D:6      | Noticed Menkaure
 10993 | D:6      | Killed Menkaure
 11264 | D:6      | Found a deep blue altar of Sif Muna.
 11292 | D:7      | Reached **** piety under Dithmenos
 11315 | D:7      | Got a fine spear
 11835 | D:7      | Found a staircase to the Ecumenical Temple.
 11996 | Temple   | Entered the Ecumenical Temple
 12352 | D:8      | Found a deep blue altar of Sif Muna.
 12735 | D:8      | Reached skill level 5 in Short Blades
 12735 | D:8      | Reached skill level 14 in Stealth
 13087 | D:8      | Reached XP level 10. HP: 39/49 MP: 22/22
 13093 | D:8      | Reached ***** piety under Dithmenos
 13973 | D:9      | Identified the +7 spear of the Big Fish {drain, *Slow rPois rC+} (You found it on level 7 of the Dungeon)
 14974 | D:10     | Entered Level 10 of the Dungeon
 14974 | D:10     | Found Keblaid's Weapon Shop.
 14974 | D:10     | Noticed a gargoyle
 14976 | D:10     | Killed a gargoyle
 16306 | D:10     | Found a staircase to the Orcish Mines.
 16974 | D:11     | Reached ****** piety under Dithmenos
 16974 | D:11     | Reached XP level 11. HP: 46/53 MP: 17/24
 17269 | D:11     | Found a staircase to the Lair.
 17310 | D:11     | Reached skill level 15 in Stealth
 18029 | D:11     | Noticed a two-headed ogre
 18036 | D:11     | Killed a two-headed ogre
 18246 | D:12     | Reached skill level 5 in Fighting
 18846 | D:12     | Reached skill level 10 in Dodging
 18967 | D:12     | Noticed a deep elf mage
 18974 | D:12     | Killed a deep elf mage
 18985 | D:12     | Reached skill level 10 in Spellcasting
 19108 | D:12     | Noticed an eight-headed hydra
 19123 | D:12     | Slain by an eight-headed hydra

Vault maps used:
D:1:      wheals_arrival_shading, serial_glass, glass_columns_a, glass_columns_a
D:2:      makhleb_altar_promises_db, chequers_temple_overflow_minitemple,
          first_bread, grunt_decor_mini_mirrors
D:3:      gammafunk_temple_overflow_pools, chequers_ecumenical_altar_twisty,
          uniq_terence, uniq_robin
D:4:      dancing_weapons_uskayaw, chequers_ossuary_entry_cave, serial_shops,
          kennysheep_mini_moat, kennysheep_orc_chapel, uniq_eustachio
D:5:      marbit_many_paths, lemuel_crystal_altar, lemuel_statue_altar
D:6:      led_sif_pool, uniq_menkaure
D:7:      temple_statues
D:8:      lemuel_round_altar
D:10:     erik_orc_4, serial_shops, shop_statue
D:11:     grunt_lair_entry_orc_guard_hut, nooodl_orcs_dogs
Temple:   bh_familiar_temple
Ossuary:  ossuary_due_small_catacomb

Skill      XL: |  1  2  3  4  5  6  7  8  9 10 11 |
---------------+----------------------------------+-----
Spellcasting   | 3 4 5 6 7 8 10 | 10.1
Hexes          | 4 5 6 7 8 9 |  9.9
Stealth        | 7 9 12 13 14 15 | 15.9
Short Blades   | 3 5 6 8 |  8.0
Fighting       | 1 3 4 5 |  5.5
Dodging        | 4 7 9 10 | 10.4

Action                   |  1- 3 |  4- 6 |  7- 9 | 10-12 || total
-------------------------+-------+-------+-------+-------++-------
Melee: Dagger            |   124 |   267 |   335 |   460 ||  1186
 Cast: Corona            |     9 |       |       |       ||     9
       Ensorcelled Hiber |    11 |    54 |    50 |    60 ||   175
       Confuse           |     1 |     4 |    26 |    38 ||    69
       Tukima's Dance    |       |     1 |     8 |       ||     9
       Dazzling Spray    |       |       |     8 |    15 ||    23
Evoke: Wand              |       |       |       |     3 ||     3
  Use: Scroll            |     6 |     5 |    17 |     2 ||    30
       Potion            |       |     4 |     3 |     6 ||    13
 Stab: Sleeping          |    15 |    37 |    75 |    77 ||   204
       Confused          |     1 |     2 |    19 |    12 ||    34
       Distracted        |     1 |     1 |     3 |     4 ||     9
       Invisible         |       |       |     2 |    13 ||    15
  Eat: Bread ration      |       |     1 |     1 |       ||     2
       Royal jelly       |       |       |     2 |       ||     2
       Fruit             |       |       |     1 |     5 ||     6
Armor: Robe              |    15 |    30 |    21 |    25 ||    91
Dodge: Dodged            |    97 |   289 |   244 |   404 ||  1034
